 Dungeon Crawl Stone Soup version 0.17-a0-913-g36eb389 (webtiles) character file.

548 drasked the Cudgeler (level 7, -5/72 HPs)
             Began as an Ogre Hunter on May 3, 2015.
             Slain by a mummy (6 damage)
             ... in an ossuary.
             The game lasted 00:17:41 (4626 turns).

drasked the Cudgeler (Ogre Hunter)                  Turns: 4626, Time: 00:17:41

Health: -5/72      AC:  3    Str: 25    XL:     7   Next: 28%
Magic:  7/7        EV: 10    Int: 15    God:
Gold:   160        SH:  0    Dex: 10    Spells: 0 memorised, 6 levels left

rFire  + . .     SeeInvis .     l - -1 mace (curse)
rCold  . . .     Clarity  .     j - +0 robe
rNeg   . . .     SustAb   .     (no shield)
rPois  .         Gourm    .     (helmet restricted)
rElec  .         Spirit   .     (no cloak)
rCorr  .         Warding  .     (gloves unavailable)
rMut   .         Stasis   .     (boots unavailable)
MR     .....                    (no amulet)
Stlth  +.........               n - ring of fire (curse) {rF+, rC-}
                                o - ring of protection from cold {rC+, !d}

@: mighty, brilliant, not resistant to hostile enchantments, very unstealthy
A: unfitting armour, tough skin 1
a: no special abilities


You were in an ossuary.
You were not hungry.

You visited 1 branch of the dungeon, and saw 5 of its levels.
You also visited: Ossuary.

You collected 160 gold pieces.

Inventory:

Hand weapons
 d - a +2 whip of venom
   (You took it off an orc priest on level 3 of the Dungeon)
 l - a cursed -1 mace (weapon)
   (You found it on level 1 of the Dungeon)
 u - a +0 flail
   (You took it off an orc on level 3 of the Dungeon)
Missiles
 c - 2 throwing nets {=f, !d}
Armour
 j - a +0 robe (worn)
   (You took it off Sigmund on level 3 of the Dungeon)
Jewellery
 n - a cursed ring of fire (right hand) {rF+, rC-}
   (You found it on level 2 of the Dungeon)
 o - a ring of protection from cold (left hand) {rC+, !d}
   (You found it on level 2 of the Dungeon)
Scrolls
 i - 4 scrolls of identify
 p - a scroll of fear
 t - a scroll of noise {unknown}
Potions
 a - a potion of curing
 f - a potion of heal wounds {unknown}
 g - a potion of might
 k - a potion of flight {unknown}
 m - a potion of resistance {unknown}
 q - a potion of brilliance
 s - 2 potions of lignification {unknown}
 v - a potion of mutation {unknown}
Comestibles
 e - 3 bread rations {@e1}
 h - a meat ration {@e2}
 r - a chunk of flesh {@w0}


   Skills:
 + Level 5.1 Fighting
 * Level 6.4 Maces & Flails
 + Level 6.2 Throwing
 - Level 2.1 Dodging
 - Level 1.2 Stealth


You had 6 spell levels left.
You didn't know any spells.

Dungeon Overview and Level Annotations

Branches:
Dungeon (6/15)
 Temple: D:4-7

Altars:
Ashenzari
Sif Muna

Shops:
D:4 :


Innate Abilities, Weirdness & Mutations

You are too large for most types of armour.
You have tough skin (AC +1).


Message History

You kill the quokka!
You see here a quokka corpse.
You butcher the quokka corpse.
r - a chunk of flesh {@w0} You open the door.
Found a shattered altar of Ashenzari.
You now have 160 gold pieces (gained 22).
t - a scroll labeled ORHAFR JEMM A rat zombie comes into view.
Found a sand-covered staircase.
A jackal zombie comes into view.
You hit the jackal zombie.
The jackal zombie bites you but does no damage.
The jackal zombie barely misses you.
You closely miss the jackal zombie. The jackal zombie barely misses you.
You barely miss the jackal zombie.
The jackal zombie bites you but does no damage.
You hit the jackal zombie. The jackal zombie barely misses you.
You hit the jackal zombie.
You destroy the jackal zombie!
You hear the slow hiss of an avalanche of sand.
You barely miss the rat zombie. The rat zombie bites you.
You take 1 damage, and have 70/71 hp.
You hit the rat zombie but do no damage.
The rat zombie bites you.
You take 2 damage, and have 68/71 hp.
You barely miss the rat zombie. The rat zombie bites you.
You take 1 damage, and have 67/71 hp.
You barely miss the rat zombie. You hit the rat zombie.
The rat zombie bites you but does no damage.
You sock the rat zombie!
You destroy the rat zombie!
An ogre comes into view. It is wielding a giant club.
The ogre moves out of view.
You see here 17 gold pieces.
Aim: an ogre, wielding a giant club You throw a large rock {!d}.
The large rock {!d} hits the ogre!
Aim: an ogre, wielding a giant club (moderately wounded)
You throw a large rock {!d}. The large rock {!d} hits the ogre.
Aim: an ogre, wielding a giant club (heavily wounded)
You throw a large rock {!d}. The large rock {!d} hits the ogre!!
You kill the ogre!
Your Fighting skill increases to level 5!
Your Maces & Flails skill increases to level 6!
b - a large rock {!d}
Things that are here:
a giant club; an ogre corpse
b - 2 large rocks {!d} (gained 1)
b - 3 large rocks {!d} (gained 1)
There is a sand-covered staircase here.
Health restored: 72 The world spins around you as you enter the gateway.
You enter an ossuary! 3 mummies come into view.
Found a gate leading back out of this place.
There is an empty arch of ancient stone here.
Aim: a mummy You throw a large rock {!d}.
The large rock {!d} hits the mummy!
Aim: a mummy (severely damaged)
You throw a large rock {!d}.
The large rock {!d} barely misses the mummy.
Aim: a mummy (severely damaged)
You throw a large rock {!d}.
The large rock {!d} hits the mummy but does no damage.
Firing (i - inventory): No suitable missiles.
Aim: a mummy (severely damaged)
Okay, then.
You sock the mummy! You hit the mummy. The mummy closely misses you.
You hit the mummy. The mummy hits you!! The mummy hits you.
You take 21 damage, and have 51/72 hp.
MASSIVE DAMAGE!!
The mummy hits you.
You take 3 damage, and have 48/72 hp.
You hit the mummy but do no damage. The mummy completely misses you.
You hit the mummy. The mummy barely misses you. The mummy hits you!
You take 8 damage, and have 40/72 hp.
You sock the mummy!
You destroy the mummy!
You feel nervous for a moment...
Your ring of fire {rF+, rC-} glows black for a moment.
You hit the mummy. The mummy hits you. The mummy hits you!
You take 15 damage, and have 26/72 hp.
MASSIVE DAMAGE!!
You hit the mummy. The mummy hits you!
* * * LOW HITPOINT WARNING * * *
You take 10 damage, and have 16/72 hp.
Drink which item? (? for menu, Esc to quit)
It was a potion of brilliance.
You feel clever all of a sudden. The mummy hits you!
* * * LOW HITPOINT WARNING * * *
You take 15 damage, and have 1/72 hp.
MASSIVE DAMAGE!!
Drink which item? (? for menu, Esc to quit)
It was a potion of might.
You feel very mighty all of a sudden. The mummy hits you.
You die...

#######
#(#.#.#
#.(...#
#...#
#M∩M#
#.@.#
#.∩.#
#...#
##+##


You could see 2 mummies.

Vanquished Creatures
  Sigmund (D:3)
  An ogre (D:6)
  A quasit (D:3)
  3 orc priests (D:3)
  An orc wizard (D:3)
  Terence (D:3)
  A mummy (Ossuary)
  4 adders
  2 oozes
  A giant gecko (D:1)
  9 orcs
  2 giant cockroaches
  5 hobgoblins
  6 jackals (D:2)
  2 kobolds
  2 quokkas
  A ball python (D:1)
  12 bats
  2 giant newts
  4 goblins
  A jackal zombie (D:6)
  6 rats
  A rat zombie (D:6)
69 creatures vanquished.

Notes
Turn   | Place    | Note
--------------------------------------------------------------
     0 | D:1      | drasked, the Ogre Hunter, began the quest for the Orb.
     0 | D:1      | Reached XP level 1. HP: 22/22 MP: 1/1
   175 | D:1      | Reached skill level 1 in Stealth
   265 | D:1      | Reached skill level 2 in Dodging
   302 | D:1      | Reached XP level 2. HP: 14/29 MP: 2/2
   500 | D:1      | Reached skill level 1 in Maces & Flails
   757 | D:2      | Reached XP level 3. HP: 29/36 MP: 3/3
   901 | D:2      | Reached skill level 3 in Fighting
   901 | D:2      | Reached skill level 2 in Maces & Flails
  1723 | D:2      | Reached XP level 4. HP: 45/45 MP: 4/4
  1776 | D:2      | Found a deep blue altar of Sif Muna.
  1916 | D:3      | Reached skill level 3 in Maces & Flails
  1936 | D:3      | Reached skill level 5 in Throwing
  2504 | D:3      | Noticed Sigmund
  2858 | D:3      | Reached XP level 5. HP: 21/53 MP: 5/5
  2871 | D:3      | HP: 13/53 [poisoned by an adder]
  2877 | D:3      | HP: 12/53 [poisoned by an adder]
  2885 | D:3      | HP: 12/53 [poisoned by an adder]
  3155 | D:3      | Noticed Terence
  3156 | D:3      | Killed Terence
  3289 | D:3      | Reached skill level 4 in Maces & Flails
  3379 | D:3      | Reached skill level 4 in Fighting
  3503 | D:3      | Reached XP level 6. HP: 36/62 MP: 6/6
  4246 | D:3      | Reached skill level 5 in Maces & Flails
  4362 | D:3      | Killed Sigmund
  4362 | D:3      | Reached skill level 6 in Throwing
  4362 | D:3      | Reached XP level 7. HP: 58/71 MP: 7/7
  4490 | D:4      | Found Ysmotuhe's Book Shoppe.
  4536 | D:4      | You fall through a shaft for 2 floors!
  4551 | D:6      | Found a shattered altar of Ashenzari.
  4570 | D:6      | Found a sand-covered staircase.
  4597 | D:6      | Reached skill level 5 in Fighting
  4597 | D:6      | Reached skill level 6 in Maces & Flails
  4611 | Ossuary  | Entered an ossuary
  4624 | Ossuary  | HP: 16/72 [mummy (10)]
  4625 | Ossuary  | HP: 1/72 [mummy (15)]
  4626 | Ossuary  | Slain by a mummy

Action                   |  1- 3 |  4- 6 |  7- 9 || total
-------------------------+-------+-------+-------++-------
Melee: Unarmed           |    24 |       |       ||    24
       Mace              |   110 |   125 |    21 ||   256
       Club              |    12 |       |       ||    12
Throw: Large rock        |     5 |    24 |     6 ||    35
  Use: Scroll            |       |     4 |       ||     4
       Potion            |       |     1 |     2 ||     3
  Eat: Chunk             |     3 |     5 |       ||     8
       Beef jerky        |       |     1 |       ||     1
       Meat ration       |       |     1 |       ||     1

Vault maps used:
D:1:      wheals_arrival_linesprint
D:2:      lemuel_blue_sif_altar, kennysheep_minor_cross, dk_noncrumbling_4
D:3:      serial_bayou_lake_a, uniq_sigmund, uniq_terence
D:4:      kiku_gazebo_pond_becter, amethyst_overflow_temple_binary, first_bread,
          serial_shops, shop, tgw_fedhas
D:6:      kennysheep_mini_moat, minmay_temple_entry_fiery, enter_ossuary_3,
          serial_park_tiny_2, serial_bayou_lagoon_a
Ossuary:  ossuary_minmay_chase

Table legend:
 A = Turns spent in this place as a percentage of turns spent in the entire game.
 B = Non-inter-level travel turns spent in this place as a percentage of non-inter-level travel turns spent in the entire game.
 C = Inter-level travel turns spent in this place as a percentage of turns spent in this place.
 D = Turns resting spent in this place as a percentage of non-inter-level travel turns spent in this place.
 E = Turns spent auto-exploring this place as a percentage of non-inter-level travel turns spent in this place.
 F = Non-inter-level travel turns spent in this place divided by the number of levels of this place that you've seen.
                   A       B       C       D       E      F
               +-------+-------+-------+-------+-------+----------------------
         Total | 100.0 | 100.0 |   1.2 |   3.6 |   8.2 | 205.5
       Dungeon |  98.8 |  98.8 |   1.2 |   3.6 |   8.3 | 243.6
       Ossuary |   1.2 |   1.2 |   0.0 |   0.0 |   0.0 |  15.0
               +-------+-------+-------+-------+-------+----------------------

Table legend:
 A = Kills in this place as a percentage of kills in entire the game.
 B = Kills by you in this place as a percentage of kills by you in the entire game.
 C = Kills by friends in this place as a percentage of kills by friends in the entire game.
 D = Other kills in this place as a percentage of other kills in the entire game.
 E = Experience gained in this place as a percentage of experience gained in the entire game.
 F = Experience gained in this place divided by the number of levels of this place that you have seen.
                   A       B       C       D       E      F
               +-------+-------+-------+-------+-------+----------------------
         Total | 100.0 | 100.0 |  -nan |  -nan | 100.0 | 130.5
       Dungeon |  98.6 |  98.6 |  -nan |  -nan |  97.3 | 152.4
       Ossuary |   1.4 |   1.4 |  -nan |  -nan |   2.7 |  21.0
               +-------+-------+-------+-------+-------+----------------------
